 Dungeon Crawl Stone Soup version 0.31.0-12-g77e489cdc1 (webtiles) character file.

Game seed: 2816716786565876998

2400 KarmaPy the Cleaver (level 9, -4/71 HPs)
             Began as a Minotaur Berserker on Mar 2, 2024.
             Was an Elder of Trog.
             Slain by Maurice
             ... wielding a +0 short sword
              (12 damage)
             ... on level 7 of the Dungeon.
             The game lasted 00:27:35 (6164 turns).

KarmaPy the Cleaver (Minotaur Berserker)            Turns: 6164, Time: 00:27:36

Health: -4/71      AC:  8    Str: 27    XL:     9   Next: 23%
Magic:  0/8        EV: 11    Int:  4    God:    Trog [****..]
Gold:   0          SH:  0    Dex:  9    Spells: 8/8 levels left

rFire   . . .        t - +0 hand axe (elec)
rCold   . . .        (no shield)
rNeg    . . .        x - +3 leather armour "Wonoukk" {+Blink Will+ Slay+2}
rPois   +            (helmet restricted)
rElec   .            r - +0 cloak
rCorr   .            (no gloves)
SInv    .            m - +0 pair of boots
Will    +....        i - amulet of guardian spirit
Stlth   +            A - ring of poison resistance
HPRegen 0.31/turn    (no ring)
MPRegen 0.11/turn

%: guardian spirit
@: on berserk cooldown, slowed, very slow
A: horns 2, retaliatory headbutt
a: Renounce Religion, Evoke Blink, Berserk, Trog's Hand, Brothers in Arms


You were on level 7 of the Dungeon.
You worshipped Trog.
Trog was greatly pleased with you.
You visited 2 branches of the dungeon, and saw 8 of its levels.

You collected 260 gold pieces.
You spent 260 gold pieces at shops.

Inventory:

Hand Weapons
 t - a +0 hand axe of electrocution (weapon)
Missiles
 s - 4 poisoned darts (quivered)
 u - 2 atropa-tipped darts
Armour
 m - a +0 pair of boots (worn)
 r - a +0 cloak (worn)
 x - the +3 leather armour "Wonoukk" (worn) {+Blink Will+ Slay+2}
   (You found it on level 3 of the Dungeon)

   Slay+2:    It affects your accuracy & damage with ranged weapons and melee
   (+2).
   Will+:     It increases your willpower.
   +Blink:    It lets you blink.
Jewellery
 i - an amulet of guardian spirit (around neck)
 A - a ring of poison resistance (left hand)
Wands
 v - a wand of charming (9)
Scrolls
 b - a scroll of poison
 d - 2 scrolls of revelation
 l - 3 scrolls of teleportation
 p - 2 scrolls of vulnerability
 q - a scroll of silence {unknown}
 y - a scroll of brand weapon {unknown}
 C - a scroll of fear {unknown}
Potions
 c - 2 potions of magic
 g - a potion of enlightenment {unknown}
 k - a potion of mutation {unknown}
 w - a potion of lignification
 z - a potion of curing {unknown}
 B - a potion of invisibility


   Skills:
 - Level 3.6 Fighting
 + Level 14.9 Axes
 - Level 2.4 Armour
 - Level 2.2 Dodging


You had 8 spell levels left.
You didn't know any spells.
Your spell library was empty.

Dungeon Overview and Level Annotations

Branches:
Dungeon (7/15)             Temple (1/1) D:5

Altars:
Ashenzari
Cheibriados
Dithmenos
Elyvilon
Fedhas
Gozag
Hepliaklqana
Kikubaaqudgha
Makhleb
Nemelex Xobeh
Okawaru
Qazlal
Ru
Sif Muna
Trog
Uskayaw
Vehumet
Wu Jian
Xom
Yredelemnul
Zin
The Shining One

Shops:
D:6 =

Annotations:
D:7 Maurice


Innate Abilities, Weirdness & Mutations

You have a pair of horns on your head.
You reflexively headbutt those who attack you in melee.


Message History

You hear the faint creaking of a very distant portcullis.
Maurice hits you but does no damage. Maurice barely misses you.
The grasping roots constrict you.
You hit Maurice but do no damage. Your headbutt misses Maurice.
Maurice is heavily wounded.
Maurice hits you with a +0 short sword.
Maurice steals your +0 hand axe!
Maurice bites you but does no damage. The grasping roots constrict you.
Okay, then.
You slash Maurice! Lightning courses through Maurice! You headbutt Maurice!
Maurice is severely wounded.
Maurice hits you with a +0 short sword.
Maurice steals 40 gold pieces!
You now have 0 gold pieces.
Maurice bites you. Maurice drains your magic. The grasping roots constrict you.
The grasping roots release their grip on you.
You closely miss Maurice.
Maurice is severely wounded.
Maurice closely misses you. Maurice barely misses you.
Maurice hits you with a +0 short sword!
Maurice mutters, "Now where did you hide it?"
Maurice bites you. Maurice drains your magic.
You closely miss Maurice. You headbutt Maurice!
Maurice is almost dead.
Maurice hits you with a +0 short sword!
* * * LOW HITPOINT WARNING * * *
Maurice grunts, "Curses!"
Maurice bites you!
* * * LOW HITPOINT WARNING * * *
Maurice drains your magic.
You feel much better. Maurice hits you with a +0 short sword!
* * * LOW HITPOINT WARNING * * *
Maurice mutters, "Now where did you hide it?"
Maurice barely misses you. Maurice hits you with a +0 short sword!
* * * LOW HITPOINT WARNING * * *
Maurice groans, "What are you, a monk?" Maurice closely misses you.
Okay, then.
You barely miss Maurice. Your headbutt misses Maurice.
Maurice is almost dead.
Maurice hits you with a +0 short sword!
You die...

#........# #........#
#......### ########......#
#.............#
#.............#
#######+####.............#
.........................#
...........@f......#######
...................#
............####'###
............#.....#
#############.....#
#.....# #.....# #######


You could see Maurice (berserk).

Vanquished Creatures
  3 water moccasins
  2 black bears (D:5)
  An orc warrior (D:6)
  2 centaurs (D:5)
  3 ogres
  2 gnoll sergeants (D:6)
  A scorpion (D:5)
  2 bullfrogs (D:6)
  4 killer bees (D:5)
  2 howler monkeys
  2 bombardier beetles
  2 jellies (D:4)
  2 hounds
  3 orc priests
  3 iguanas
  Terence (D:3)
  4 orc wizards (D:5)
  Natasha (thrice) (D:4)
  8 adders
  12 gnolls
  2 white imps (D:6)
  4 ufetubi
  26 orcs
  An endoplasm (D:4)
  3 giant cockroaches
  4 goblins
  4 hobgoblins
  3 kobolds (D:1)
  2 quokkas
  4 ball pythons
  3 bats
  2 frilled lizards
  6 rats
126 creatures vanquished.

Notes
Turn   | Place    | Note
-------+----------+-------------------------------------------
     0 | D:1      | KarmaPy the Minotaur Berserker began the quest for the Orb.
     0 | D:1      | Reached XP level 1. HP: 19/19 MP: 0/0
   298 | D:1      | Reached skill level 4 in Axes
   874 | D:2      | Reached XP level 2. HP: 27/27 MP: 1/1
  1016 | D:2      | Reached skill level 5 in Axes
  1016 | D:2      | Reached XP level 3. HP: 20/33 MP: 2/2
  1407 | D:3      | Noticed Terence
  1429 | D:3      | Killed Terence
  1430 | D:3      | Reached skill level 6 in Axes
  1430 | D:3      | Reached XP level 4. HP: 40/40 MP: 3/3
  1512 | D:3      | Reached ** piety under Trog
  1592 | D:3      | You fall into a shaft and drop 3 floors!
  1604 | D:6      | Noticed an orc warrior
  1617 | D:6      | Killed an orc warrior
  1618 | D:6      | Reached skill level 7 in Axes
  1618 | D:6      | Reached XP level 5. HP: 36/46 MP: 4/4
  1623 | D:6      | Reached skill level 8 in Axes
  1649 | D:6      | Reached XP level 6. HP: 23/52 MP: 5/5
  1786 | D:6      | Noticed a water moccasin
  1793 | D:6      | Killed a water moccasin
  1893 | D:6      | Reached skill level 9 in Axes
  1909 | D:6      | Reached XP level 7. HP: 48/58 MP: 6/6
  1972 | D:6      | Reached skill level 10 in Axes
  2010 | D:5      | Entered Level 5 of the Dungeon
  2010 | D:5      | Found a staircase to the Ecumenical Temple.
  2040 | Temple   | Entered the Ecumenical Temple
  2192 | D:3      | Identified the +3 leather armour "Wonoukk" {+Blink Will+
                  | Slay+2}
  2221 | D:3      | Found a burning altar of Makhleb.
  3175 | D:4      | Reached skill level 11 in Axes
  3335 | D:4      | Reached *** piety under Trog
  3504 | D:4      | Found a bloodstained altar of Trog.
  3504 | D:4      | Found a glowing golden altar of the Shining One.
  3504 | D:4      | Noticed Natasha
  3505 | D:4      | Found a white marble altar of Elyvilon.
  3512 | D:4      | Killed Natasha
  3513 | D:4      | Reached XP level 8. HP: 54/66 MP: 5/7
  3561 | D:4      | Noticed Natasha
  3565 | D:4      | Killed Natasha
  3633 | D:4      | Found a hazy altar of Hepliaklqana.
  3755 | D:4      | Noticed Natasha
  3761 | D:4      | Killed Natasha
  3896 | D:4      | Reached skill level 12 in Axes
  4417 | D:5      | Reached skill level 13 in Axes
  4726 | D:5      | Reached skill level 14 in Axes
  5085 | D:5      | Found a glowing silver altar of Zin.
  5216 | D:6      | Reached XP level 9. HP: 71/71 MP: 8/8
  5247 | D:6      | Reached **** piety under Trog
  5639 | D:6      | Found a shadowy altar of Dithmenos.
  5918 | D:6      | Found Vufienn's Jewellery Shop.
  5929 | D:6      | Bought a ring of poison resistance for 260 gold pieces
  6141 | D:7      | Noticed Maurice
  6155 | D:7      | Maurice stole an orb of wrath
  6157 | D:7      | Maurice stole 3 atropa-tipped darts
  6159 | D:7      | Maurice stole a +0 hand axe
  6160 | D:7      | Maurice stole 40 gold
  6164 | D:7      | Slain by Maurice

Illustrated notes

Levels and vault maps discovered:
D:1:      tarquinn_simple_flora_water_c, layout_loops_ring,
          minmay_misc_feat_cross, wander_ebering_terrifying_dragon_lair
D:2:      layout_rooms, minmay_pentomino_z4
D:3:      layout_loops_ring, mainiacjoe_overflow_cross_hatched,
          minmay_misc_feat_tower, kennysheep_nondescript, uniq_terence
D:4:      layout_basic, mainiacjoe_overflow_24_doors,
          gammafunk_temple_overflow_forgotten, uniq_natasha
D:5:      layout_basic, zin_statuary, minmay_temple_entry_statues_fountains
D:6:      layout_gridville, mainiacjoe_overflow_alcove_2, serial_shops, shop
D:7:      layout_gridville, enter_bailey_2, uniq_maurice
Temple:   eino_wide_crystal_templ

Skill      XL: |  1  2  3  4  5  6  7  8 |
---------------+-------------------------+-----
Axes           | 4 5 6 7 8 9 11 14 | 14.9
Fighting       | |  3.6
Armour         | |  2.4
Dodging        | |  2.2

Action                     |  1- 3 |  4- 6 |  7- 9 || total
---------------------------+-------+-------+-------++-------
  Melee: Hand axe          |    68 |    59 |   194 ||   321
         Headbutt          |     7 |     6 |    41 ||    54
         Punch             |       |       |     3 ||     3
  Throw: Dart              |       |     3 |     2 ||     5
 Invoke: Berserk           |     1 |     3 |     3 ||     7
    Use: Potion            |       |       |     9 ||     9
         Scroll            |       |       |     9 ||     9
 Armour: Chain mail        |    53 |    39 |    16 ||   108
         Leather armour    |       |       |   106 ||   106
  Dodge: Dodged            |    39 |    34 |    93 ||   166
